Map: 2000 Atmospheres LE

Players

A.I. 1 (Very Easy)

  • Race: Terran Terran

rurisk - Winner!

  • Race: Zerg Zerg
  • League: Platinum

VOD

Have the link to the VOD?

Description

Time

  • Played on: Dec. 11, 2021, 11:01 p.m.
  • Length: 10:02
Show
View Real Time Build Order
Export as new Build Order

A.I. 1 (Very Easy) Terran 

Build Orders: Reaper Expand 

Get SALT Encoding   

  6  0:00  SCV  
  13  0:13  SCV  
  14  0:18  Supply Depot  
  14  0:42  Barracks  
  14  1:01  Command Center  
  14  1:29  Supply Depot  
  14  1:30  Orbital Command  
  14  1:31  Marine  
  15  1:35  Refinery  
  15  1:47  Refinery  
  15  1:55  SCV  
  16  2:07  SCV  
  17  2:14  SCV  
  17  2:15  Reaper  
  19  2:21  SCV  
  20  2:28  SCV  
  21  2:35  SCV  
  22  2:42  SCV  
  23  2:50  SCV, Refinery  
  24  2:57  SCV  
  25  3:04  SCV  
  26  3:06  Marine  
  26  3:11  SCV  
  28  3:16  Factory  
  28  3:18  SCV  
  29  3:40  Refinery  
  29  3:42  SCV  
  30  3:49  SCV  
  30  3:51  Supply Depot  
  31  3:56  SCV  
  31  3:58  Marine  
  33  4:03  SCV, Starport  
  34  4:11  SCV  
  35  4:17  Barracks Tech Lab  
  35  4:18  SCV  
  36  4:25  SCV  
  36  4:28  Supply Depot  
  37  4:32  SCV  
  38  4:39  SCV  
  38  4:42  Starport Tech Lab  
  39  4:46  SCV  
  39  4:50  Marauder  
  42  4:54  SCV  
  43  5:01  SCV  
  43  5:02  Raven  
  46  5:08  SCV  
  47  5:15  SCV  
  48  5:41  Marine  
  49  5:45  Raven  
  51  6:33  Marine  
  52  7:25  Marauder  
  54  9:20  Marine  
  47  9:28  SCV, Supply Depot  
  26  9:42  SCV  
Show
View Real Time Build Order
Export as new Build Order

rurisk Zerg - Winner!

Build Orders: Hatch First 

Get SALT Encoding   

  6  0:00  Drone  
  13  0:12  Overlord  
  13  0:16  Drone  
  14  0:30  Drone x2  
  16  0:48  Hatchery  
  15  0:51  Drone  
  15  0:54  Drone  
  17  0:58  Drone  
  18  1:09  Extractor  
  17  1:13  Spawning Pool  
  17  1:16  Drone  
  17  1:19  Drone  
  18  1:28  Drone  
  19  1:38  Drone  
  20  1:49  Drone  
  21  2:00  Queen x2  
  25  2:02  Zergling x4  
  27  2:11  Drone  
  27  2:12  Overlord  
  28  2:26  Hatchery  
  28  2:28  Drone  
  28  2:32  Metabolic Boost  
  28  2:34  Drone  
  29  2:37  Drone  
  29  2:40  Drone  
  31  2:50  Overlord  
  31  2:54  Queen  
  31  2:56  Drone x2  
  35  2:58  Drone  
  36  3:09  Drone x2  
  38  3:20  Overlord  
  38  3:23  Queen  
  38  3:24  Drone x3  
  43  3:30  Drone  
  44  3:40  Drone x2  
  46  3:43  Drone x2  
  46  3:47  Drone  
  49  3:50  Zergling x4  
  51  3:59  Zergling x2  
  52  4:03  Overlord x2  
  52  4:06  Queen  
  54  4:17  Overlord  
  54  4:20  Lair  
  54  4:24  Baneling Nest  
  54  4:26  Drone x6  
  59  4:32  Extractor, Drone  
  59  4:46  Drone x3  
  59  4:49  Overlord x2  
  62  5:06  Evolution Chamber  
  61  5:08  Evolution Chamber  
  61  5:11  Drone x2  
  61  5:12  Drone x4  
  66  5:15  Drone  
  66  5:16  Drone  
  66  5:17  Drone x2  
  70  5:23  Drone  
  70  5:25  Drone x4  
  75  5:32  Extractor  
  74  5:36  Extractor x2  
  74  5:37  Overlord x3  
  74  5:38  Extractor  
  71  5:54  Hatchery  
  70  5:58  Hatchery  
  70  6:00  Drone x2  
  70  6:01  Drone x2  
  70  6:02  Drone x2  
  75  6:04  Drone x3  
  75  6:05  Drone x3  
  75  6:09  Zerg Melee Weapons Level 1, Zerg Ground Armor Level 1  
  75  6:10  Centrifugal Hooks  
  81  6:17  Infestation Pit  
  80  6:25  Drone x2  
  82  6:27  Hydralisk Den  
  82  6:28  Queen  
  82  6:29  Queen  
  85  6:42  Zergling x26  
  98  7:08  Zergling x2  
  98  7:09  Zergling x26  
  98  7:13  Overlord x3  
  112  7:38  Hydralisk x12  
  112  7:39  Hydralisk x6  
  112  7:43  Overlord x2  
  148  7:51  Muscular Augments  
  148  7:53  Hive  
  148  7:56  Zergling x20  
  158  8:13  Zergling x2  
  158  8:14  Zergling x30  
  174  8:27  Overlord x7  
  174  8:49  Zergling x8  
  174  8:50  Zergling x28  
  192  9:05  Zergling x16  
  197  9:30  Hydralisk  
Tags
 
Add a new tag
Caveats
  • Supply blocks, unpowered buildings, or Contaminate may cause inaccurate times.
  • Supply counts are checked every 10 seconds.